Map: Prion Terraces

Players

llllllllllll - Winner!

  • Race: Protoss Protoss
  • League: Grandmaster

Miszu

  • Race: Terran Terran
  • League: Master

VOD

Have the link to the VOD?

Description

Time

  • Played on: April 5, 2016, 1:48 p.m.
  • Length: 4:22
Show
View Real Time Build Order
Export as new Build Order

llllllllllll Protoss - Winner!

Build Orders: 1 Gate Expand, Phoenix Opening 

Get SALT Encoding   

  12  0:01  Probe (Chrono Boost)  
  13  0:11  Probe (Chrono Boost)  
  14  0:18  Pylon  
  14  0:22  Probe (Chrono Boost)  
  15  0:37  Gateway, Probe (Chrono Boost)  
  16  0:47  Probe (Chrono Boost)  
  16  0:48  Assimilator  
  17  0:58  Probe (Chrono Boost)  
  18  1:08  Probe (Chrono Boost)  
  19  1:18  Nexus  
  19  1:21  Probe (Chrono Boost)  
  20  1:32  Cybernetics Core  
  20  1:35  Probe (Chrono Boost)  
  21  1:41  Assimilator  
  21  1:46  Probe (Chrono Boost)  
  22  1:52  Pylon  
  22  1:56  Probe (Chrono Boost)  
  23  2:10  Adept, Mothership Core (Chrono Boost)  
  27  2:29  Probe (Chrono Boost)  
  28  2:30  Probe (Chrono Boost)  
  29  2:37  Adept  
  29  2:39  Probe (Chrono Boost)  
  29  2:40  Stargate  
  29  2:41  Probe (Chrono Boost)  
  33  2:50  Probe (Chrono Boost)  
  34  2:51  Probe (Chrono Boost)  
  34  2:54  Pylon  
  35  3:00  Probe (Chrono Boost)  
  35  3:03  Probe (Chrono Boost)  
  35  3:04  Adept  
  39  3:11  Probe (Chrono Boost)  
  40  3:13  Gateway  
  40  3:16  Gateway  
  40  3:23  Phoenix (Chrono Boost)  
  42  3:28  Probe  
  42  3:29  Probe  
  42  3:31  Adept  
  46  3:40  Probe x2  
  47  3:43  Pylon, Phoenix (Chrono Boost)  
  50  3:53  Pylon  
  50  3:54  Probe  
  51  3:56  Assimilator  
  51  4:01  Probe  
  52  4:04  Assimilator  
  52  4:06  Probe  
Show
View Real Time Build Order
Export as new Build Order

Miszu Terran 

Build Orders: 1/1/1, Liberator Opening 

Get SALT Encoding   

  12  0:01  SCV  
  13  0:13  SCV  
  14  0:19  Supply Depot  
  14  0:25  SCV  
  15  0:40  SCV  
  16  0:43  Barracks  
  16  0:45  Refinery  
  16  0:52  Refinery  
  16  0:53  SCV  
  17  1:05  SCV  
  18  1:17  SCV  
  19  1:31  Orbital Command  
  19  1:33  Marine  
  19  1:35  Factory  
  20  1:40  Supply Depot  
  20  1:54  Marine  
  20  1:57  SCV  
  22  2:09  SCV  
  22  2:12  Marine  
  24  2:19  Starport  
  24  2:21  Hellion, SCV  
  27  2:26  Supply Depot  
  27  2:29  Marine  
  27  2:33  SCV  
  29  2:42  Hellion  
  31  2:48  Marine, SCV  
  33  2:52  Supply Depot  
  33  2:55  Medivac  
  35  3:00  SCV  
  35  3:03  Hellion  
  38  3:05  Marine  
  38  3:10  Liberator  
  39  3:14  SCV  
  40  3:25  Barracks Reactor, Factory Tech Lab  
  40  3:26  SCV  
  44  3:38  SCV  
  45  3:47  Command Center  
  45  3:50  SCV  
  46  3:57  Supply Depot  
  46  4:02  SCV  
Tags
 
Add a new tag
Caveats
  • Supply blocks, unpowered buildings, or Contaminate may cause inaccurate times.
  • Supply counts are checked every 10 seconds.